 Dungeon Crawl Stone Soup version 0.20.1-1-g8b1a95d66d (webtiles) character file.

243897 Romulous the Phalangite (level 18, 0/173 HPs)
             Began as a Minotaur Fighter on Nov 29, 2017.
             Was the Champion of Okawaru.
             Killed from afar by a deep elf mage (7 damage)
             ... with a sticky flame
             ... on level 1 of the Elven Halls on Dec 2, 2017.
             The game lasted 04:05:58 (45768 turns).

Romulous the Phalangite (Minotaur Fighter)         Turns: 45768, Time: 04:05:59

Health: 0/173      AC: 30    Str: 40    XL:     18   Next: 72%
Magic:  20/20      EV: 10    Int:  5    God:    Okawaru [******]
Gold:   2369       SH: 26    Dex: 10    Spells: 17/17 levels left

rFire    . . .     SeeInvis .   u - +7 trident of Ruella Arec {flame, Str+7}
rCold    . . .     Gourm    .   j - +2 large shield {rPois}
rNeg     + . .     Faith    +   H - +2 plate armour {rN+}
rPois    +         Spirit   .   h - +2 hat {MR+}
rElec    .         Reflect  .   J - +1 cloak {MR+}
rCorr    .         Harm     .   M - +2 pair of gloves {archery}
MR       +++..                  C - +0 pair of boots {Stlth+}
Stlth    ..........             n - amulet of faith
Regen    0.4/turn               k - ring of Qaonn {rPois Str+4}
MPRegen  0.2/turn               V - ring of Shadows {Umbra +Inv Stlth+}

@: liquid flames, glowing
A: retaliatory headbutt, horns 2, MP-powered wands
}: 2/15 runes: decaying, gossamer
a: Heroism, Finesse, Renounce Religion, Evoke Invisibility


You were on level 1 of the Elven Halls.
You worshipped Okawaru.
Okawaru was exalted by your worship.
You were hungry.

You visited 7 branches of the dungeon, and saw 33 of its levels.
You also visited: Sewer, Ice Cave and Volcano.

You collected 3189 gold pieces.
You spent 820 gold pieces at shops.

Inventory:

Hand Weapons
 u - the +7 trident of Ruella Arec (weapon) {flame, Str+7}
   (You found it in a sewer)

   It has been specially enchanted to burn those struck by it, causing extra
   injury to most foes and up to half again as much damage against particularly
   susceptible opponents.
   It affects your strength (+7).
 B - a +7 broad axe of flaming
Armour
 c - a +0 shield
 h - a +2 hat of magic resistance (worn)
 j - a +2 large shield of poison resistance (worn)
 C - a +0 pair of boots of stealth (worn)
 H - a +2 plate armour of positive energy (worn)
 J - a +1 cloak of magic resistance (worn)
 M - a +2 pair of gloves of archery (worn)
 P - a +1 plate armour of fire resistance
 Q - +1 acid dragon scales
 T - a +2 plate armour of poison resistance
 U - the +0 cloak "Cywef" {rC+ MR- Str+2 Dex+3}
   (You bought it in a shop on level 8 of the Dungeon)

   It affects your strength (+2).
   It affects your dexterity (+3).
   It protects you from cold.
   It affects your resistance to hostile enchantments.
Jewellery
 k - the ring of Qaonn (left hand) {rPois Str+4}
   (You bought it in a shop on level 2 of the Orcish Mines)

   [ring of poison resistance]

   It affects your strength (+4).
   It protects you from poison.
 n - an amulet of faith (around neck)
 z - the ring "Dula" {rC+ Int+4}
   (You found it on level 11 of the Dungeon)

   [ring of protection from cold]

   It affects your intelligence (+4).
   It protects you from cold.
 L - an uncursed amulet of guardian spirit {unknown}
 O - an uncursed ring of see invisible
 V - the ring of Shadows (right hand) {Umbra +Inv Stlth+}
   (You found it on level 2 of the Lair of Beasts)

   [ring of stealth]

   It lets you turn invisible.
   It makes you more stealthy.
 X - an uncursed ring of protection from fire
Wands
 K - a wand of digging (18/24)
 R - a wand of enslavement (16/24)
Scrolls
 b - 18 scrolls of remove curse
 g - 11 scrolls of teleportation
 i - 7 scrolls of magic mapping
 l - 4 scrolls of fear
 o - a scroll of torment
 p - 6 scrolls of immolation
 s - 7 scrolls of recharging
 y - 5 scrolls of fog
 E - a scroll of brand weapon
 G - 5 scrolls of blinking
 I - 6 scrolls of enchant armour
 S - 5 scrolls of noise
Potions
 d - 5 potions of might
 e - 8 potions of brilliance
 m - 5 potions of flight
 q - 12 potions of curing
 v - 4 potions of heal wounds
 w - a potion of resistance
 x - 3 potions of haste
 A - 7 potions of mutation
 D - 4 potions of cancellation
 N - a potion of invisibility {unknown}
 W - 5 potions of ambrosia
 Y - 6 potions of agility
 Z - 5 potions of berserk rage
Miscellaneous
 a - a lightning rod (4/4)
Comestibles
 f - 7 bread rations
 r - 17 meat rations
 F - 10 royal jellies


   Skills:
 + Level 18.5 Fighting
 + Level 5.3(15.9) Axes
 - Level 22.2(22.3) Polearms
 + Level 18.4 Armour
 + Level 5.0 Dodging
 + Level 1.5 Stealth
 + Level 16.8 Shields
 * Level 4.8 Invocations


You had 17 spell levels left.
You didn't know any spells.

Dungeon Overview and Level Annotations

Branches:
Dungeon (15/15)            Temple (1/1) D:7            Lair (6/6) D:10
  Swamp (4/4) Lair:3       Spider (4/4) Lair:4        Slime (0/5) Lair:5
    Orc (2/2) D:10            Elf (1/3) Orc:2        Vaults (0/5) D:13
 Depths (0/5) D:15

Altars:
Ashenzari
Cheibriados
Dithmenos
Elyvilon
Fedhas
Gozag
Hepliaklqana
Kikubaaqudgha
Makhleb
Nemelex Xobeh
Okawaru
Qazlal
Ru
Sif Muna
Trog
Uskayaw
Vehumet
Xom
Yredelemnul
Zin
The Shining One

Shops:
D:4 *   D:6 *   D:8 *   Orc:2 *}=[

Portals:
Trove: D:11 (give 4 potions of resistance)

Annotations:
Swamp:1 exclusion: oklob plant


Innate Abilities, Weirdness & Mutations

You reflexively headbutt those who attack you in melee.
You have a pair of horns on your head.
You expend magic power (3 MP) to strengthen your wands.


Message History

* * * LOW HITPOINT WARNING * * *
The deep elf mage gestures at you while chanting.
The bolt of fire hits you!
* * * LOW HITPOINT WARNING * * *
You feel much better.
You are covered in liquid flames!
* * * LOW HITPOINT WARNING * * *
You block the deep elf mage's attack.
You impale the deep elf mage!! You burn the deep elf mage!
Your headbutt misses the deep elf mage.
The deep elf mage is almost dead.
You are covered in liquid flames!
* * * LOW HITPOINT WARNING * * *
The deep elf mage points at you and mumbles some strange words.
The bolt of fire hits you!
* * * LOW HITPOINT WARNING * * *
The deep elf mage points at you and mumbles some strange words.
The sticky flame hits you!
You are covered in liquid flames!
You die...

..##.....#.......#......#.
...#....#.####.##.......#.
........### #.##.##.##.#.
.8.#....######.##.##......
...#...###........##....##
)..###.###........##.##.# ##
.....#...#......§.##.##.##..
...#.+.#.#......e)ee....... ....
)(.#.#.#.#......@##..##.## .....
.8.###.#.#.......##§....# #.#..
.......#.....?...##.###.# #.#..
...#.######.#######.# #.#####.#..
..##.# #.# #.# #)##.##.#..
..##.######.#######.###...#......
.###.............##.##.).###.....
## #.....#.##+##.##..E..## ##....
##.##.#.#...#.....§§## ##.#.


You could see 3 deep elf magi.

Vanquished Creatures
  Mara (Swamp:3)
  Jorgrun (Swamp:2)
  Gastronok (D:10)
  4 thorn hunters
  Roxanne (Elf:1)
  The ghost of tehanu the Fencer, a journeyman MiBe of Trog (Spider:1)
  2 ghost moths (Spider:4)
  8 emperor scorpions
  A frost giant (D:15)
  A very ugly thing (Swamp:1)
  6 entropy weavers
  A deep elf demonologist (Elf:1)
  2 spark wasps (Spider:3)
  A white draconian (IceCv)
  Azrael (D:13)
  The ghost of tehanu the Carver, a journeyman MiBe of Trog (Volcano)
  Snorg (Orc:2)
  An ettin (Orc:1)
  A fire dragon (D:15)
  2 ogre magi (Orc:2)
  2 vault guards (D:13)
  Fannar (D:10)
  19 hydras
  Erica (D:8)
  A catoblepas (Lair:2)
  3 ghost crabs
  5 alligators
  3 centaur warriors
  7 death yaks
  A death knight (D:14)
  11 two-headed ogres
  A tengu warrior (D:14)
  A dancing weapon (Elf:1)
  An iron troll (Orc:2)
  2 deep elf knights (Elf:1)
  A hell knight (Volcano)
  A skeletal warrior (D:14)
  A deep troll (Orc:2)
  2 spriggan druids
  3 wizards
  A deep elf archer (Elf:1)
  Pikel (D:8)
  4 orc knights
  4 shambling mangroves
  8 swamp dragons
  2 necromancers (D:13)
  25 orb spiders
  19 deep elf magi
  30 wolf spiders
  4 ugly things
  4 cyclopes
  A manticore (D:15)
  3 moths of wrath
  3 elephants (Lair:3)
  A guardian serpent (Lair:6)
  2 molten gargoyles (Volcano)
  9 black mambas
  Psyche (D:10)
  An ice statue (IceCv)
  A smoke demon (Volcano)
  2 torpor snails
  30 spiny frogs
  2 centaur skeletons
  A yaktaur (shapeshifter) (D:14)
  9 demonic crawlers
  2 rime drakes
  A yaktaur (D:15)
  2 tengu conjurers (D:13)
  5 komodo dragons
  3 freezing wraiths (D:14)
  A red devil (Volcano)
  14 polar bears
  23 hornets
  13 trolls
  36 jumping spiders
  8 tyrant leeches
  14 slime creatures
  12 blink frogs (Lair:6)
  5 bog bodies
  13 hippogriffs
  4 shadows
  10 spriggans
  68 redbacks
  A vampire (D:13)
  39 tarantellas
  2 wraiths
  19 humans (D:13)
  A water elemental (D:14)
  15 wyverns
  65 yaks
  3 basilisks
  Eustachio (D:4)
  6 fire elementals
  3 hungry ghosts
  2 fire bats (Volcano)
  Menkaure (D:6)
  17 vampire mosquitoes
  19 insubstantial wisps
  21 swamp worms
  A warg (Orc:1)
  2 acid dragons
  6 hell hounds
  19 water moccasins
  5 porcupines
  14 swamp drakes
  33 orc warriors
  2 phantoms
  3 sky beasts
  13 ice beasts
  2 necrophages
  An eye of draining (D:15)
  29 ogres
  2 black bears
  8 centaurs
  10 wolves (IceCv)
  10 crocodiles
  20 bullfrogs
  6 big kobolds
  A bullfrog (shapeshifter) (D:13)
  2 gnoll sergeants
  A wyvern zombie (D:10)
  3 scorpions
  8 killer bees
  A vampire bat (Lair:1)
  22 wights
  2 electric eels
  A bullfrog zombie (D:8)
  5 centaur zombies
  4 crimson imps
  17 jellies
  5 lava snakes
  A gnoll shaman (Orc:2)
  6 hounds
  2 bullfrog skeletons
  14 orc priests
  27 orc wizards
  4 iguanas
  7 worker ants
  2 hound skeletons (D:6)
  A worker ant zombie (D:6)
  16 gnolls
  23 adders
  4 river rats (Sewer)
  3 shadow imps
  An ooze (Sewer)
  4 worms
  A dart slug (D:1)
  6 leopard geckos
  89 orcs
  5 giant cockroaches
  5 goblins
  6 hobgoblins
  4 jackals (D:7)
  31 kobolds
  5 quokkas
  9 ball pythons
  12 bats
  21 frilled lizards
  A giant cockroach zombie (D:5)
  A quokka zombie (D:5)
  26 rats
  2 briar patches (Swamp:4)
1319 creatures vanquished.

Vanquished Creatures (others)
  An alligator (Swamp:4)
  A worker ant (D:14)
  An orc (D:8)
  7 fungi (Lair:6)
  4 plants (Lair:6)
14 creatures vanquished.

Grand Total: 1333 creatures vanquished

Notes
Turn   | Place    | Note
-------+----------+-------------------------------------------
     0 | D:1      | Romulous the Minotaur Fighter began the quest for the Orb.
     0 | D:1      | Reached XP level 1. HP: 19/19 MP: 0/0
   180 | D:1      | Reached XP level 2. HP: 25/27 MP: 1/1
   742 | D:2      | Found a faded altar of an unknown god.
   750 | D:2      | Reached XP level 3. HP: 33/33 MP: 2/2
  1187 | D:2      | Found a bloodstained altar of Trog.
  1187 | D:2      | Found an ancient bone altar of Kikubaaqudgha.
  1198 | D:2      | Found a glowing golden altar of the Shining One.
  1653 | D:3      | Found a glowing drain.
  1663 | Sewer    | Entered a sewer
  1761 | Sewer    | Reached XP level 4. HP: 31/40 MP: 3/3
  2221 | Sewer    | Got a shimmering trident
  2240 | Sewer    | Reached XP level 5. HP: 31/47 MP: 4/4
  2478 | Sewer    | Reached skill level 1 in Dodging
  2478 | Sewer    | Reached skill level 5 in Shields
  2489 | Sewer    | Reached skill level 5 in Axes
  2489 | Sewer    | Reached XP level 6. HP: 5/53 MP: 5/5
  2833 | Sewer    | Identified the +7 trident of Ruella Arec {flame, Str+7} (You found it in a sewer)
  2838 | D:3      | Reached skill level 5 in Armour
  2969 | D:3      | Reached skill level 1 in Polearms
  3436 | D:4      | Got a crude ring mail
  3583 | D:4      | Reached skill level 2 in Polearms
  3743 | D:4      | Noticed Eustachio
  3753 | D:4      | Killed Eustachio
  3753 | D:4      | Reached skill level 5 in Fighting
  3753 | D:4      | Reached skill level 4 in Polearms
  3753 | D:4      | Reached XP level 7. HP: 61/61 MP: 6/6
  3939 | D:4      | Found Igylas's General Store.
  3943 | D:4      | Bought a scroll of teleportation for 33 gold pieces
  3943 | D:4      | Bought a scroll of enchant armour for 82 gold pieces
  3959 | D:4      | You fall through a shaft!
  3959 | D:5      | Entered Level 5 of the Dungeon
  4450 | D:5      | Reached skill level 5 in Polearms
  4507 | D:5      | Got a slimy long sword {antimagic}
  5018 | D:6      | Reached skill level 6 in Polearms
  5111 | D:6      | Found a shadowy altar of Dithmenos.
  5158 | D:6      | Reached XP level 8. HP: 67/69 MP: 7/7
  5174 | D:6      | Found Kippiuk's Elemental Accessories.
  5529 | D:6      | Noticed Menkaure
  5536 | D:6      | Killed Menkaure
  5536 | D:6      | Reached skill level 7 in Polearms
  5939 | D:7      | Found a staircase to the Ecumenical Temple.
  5942 | D:7      | Reached skill level 8 in Polearms
  6145 | Temple   | Entered the Ecumenical Temple
  6158 | Temple   | Became a worshipper of Warmaster Okawaru
  6184 | D:7      | Identified the cursed +0 long sword "Jaiqikaq" {antimagic, rN+ MR+ Dex+4} (You took it off a crimson imp on level 5 of the Dungeon)
  6185 | D:7      | Identified the +0 ring mail "Ymnyug" {+Inv rElec} (You found it on level 4 of the Dungeon)
  6230 | D:7      | Noticed a hippogriff
  6236 | D:7      | Killed a hippogriff
  6455 | D:7      | Reached * piety under Okawaru
  6455 | D:7      | Reached skill level 9 in Polearms
  6702 | D:7      | Reached XP level 9. HP: 58/75 MP: 8/8
  6913 | D:7      | Found a basalt altar of Yredelemnul.
  6979 | D:8      | Found a hide-covered altar of Uskayaw.
  6985 | D:8      | Found Ywavutydgh's Assorted Antiques.
  7040 | D:8      | Reached ** piety under Okawaru
  7040 | D:8      | Reached skill level 10 in Polearms
  7126 | D:8      | Noticed Erica
  7132 | D:8      | Killed Erica
  7132 | D:8      | Reached skill level 11 in Polearms
  7411 | D:8      | Reached *** piety under Okawaru
  7666 | D:8      | Reached skill level 12 in Polearms
  7666 | D:8      | Reached XP level 10. HP: 73/86 MP: 9/9
  7847 | D:8      | Found a deep blue altar of Sif Muna.
  7848 | D:8      | Noticed Pikel
  7852 | D:8      | Killed Pikel
  8015 | D:8      | Reached **** piety under Okawaru
  8702 | D:8      | Bought a brightly glowing cloak for 237 gold pieces
  8702 | D:8      | Identified the +0 cloak "Cywef" {rC+ MR- Str+2 Dex+3} (You bought it in a shop on level 8 of the Dungeon)
  8777 | D:9      | Reached skill level 13 in Polearms
  9073 | D:9      | Noticed a two-headed ogre
  9081 | D:9      | Killed a two-headed ogre
  9081 | D:9      | Reached ***** piety under Okawaru
  9269 | D:10     | Entered Level 10 of the Dungeon
  9269 | D:10     | Noticed Fannar
  9290 | D:10     | Killed Fannar
  9290 | D:10     | Received a gift from Okawaru
  9290 | D:10     | Reached skill level 14 in Polearms
  9427 | D:10     | Found a staircase to the Orcish Mines.
  9449 | D:10     | Noticed Psyche
  9452 | D:10     | Found a staircase to the Lair.
  9539 | D:10     | Killed Psyche
  9539 | D:10     | Reached XP level 11. HP: 81/95 MP: 10/10
  9828 | D:10     | Reached ****** piety under Okawaru
  9963 | D:10     | Noticed Gastronok
  9976 | D:10     | Killed Gastronok
  9976 | D:10     | Received a gift from Okawaru
 10076 | D:10     | Reached skill level 15 in Polearms
 10577 | D:11     | Noticed a cyan ugly thing
 10585 | D:11     | Killed a cyan ugly thing
 10585 | D:11     | Reached skill level 10 in Armour
 10768 | D:11     | Got a slimy marble ring
 10769 | D:11     | Identified the ring "Dula" {rC+ Int+4} (You found it on level 11 of the Dungeon)
 10785 | D:11     | Received a gift from Okawaru
 11170 | D:11     | Received a gift from Okawaru
 11249 | D:11     | Found a portal to a secret trove of treasure.
 11562 | D:11     | Reached skill level 10 in Fighting
 11709 | D:12     | Reached XP level 12. HP: 106/106 MP: 11/11
 12160 | D:12     | Noticed a two-headed ogre
 12166 | D:12     | Killed a two-headed ogre
 12166 | D:12     | Reached skill level 16 in Polearms
 12336 | D:12     | Found a shattered altar of Ashenzari.
 12338 | D:12     | Found an ancient bone altar of Kikubaaqudgha.
 12338 | D:12     | Found a shimmering altar of Xom.
 12352 | D:12     | Found a white marble altar of Elyvilon.
 12352 | D:12     | Found a deep blue altar of Sif Muna.
 12352 | D:12     | Found a shattered altar of Ashenzari.
 12625 | D:13     | Noticed a centaur warrior
 12651 | D:13     | Killed a centaur warrior
 12651 | D:13     | Received a gift from Okawaru
 12983 | D:13     | Paralysed by a wizard for 6 turns
 13149 | D:13     | Found a gate to the Vaults.
 13149 | D:13     | Noticed a vault guard
 13149 | D:13     | Noticed a vault guard
 13165 | D:13     | Killed a vault guard
 13169 | D:13     | Received a gift from Okawaru
 13177 | D:13     | Reached skill level 17 in Polearms
 13181 | D:13     | Killed a vault guard
 13183 | D:13     | HP: 5/112 [human (6)]
 13557 | D:13     | Noticed a centaur warrior
 13584 | D:13     | Reached XP level 13. HP: 86/118 MP: 12/12
 13976 | D:13     | Noticed Azrael
 14084 | D:13     | Killed Azrael
 14410 | D:13     | Received a gift from Okawaru
 15596 | D:15     | Entered Level 15 of the Dungeon
 15702 | D:15     | Reached skill level 18 in Polearms
 15702 | D:15     | Reached skill level 10 in Shields
 16009 | D:15     | Received a gift from Okawaru
 16044 | D:15     | Noticed a fire dragon
 16218 | D:15     | Killed a fire dragon
 16498 | D:15     | Noticed a frost giant
 16498 | D:15     | Found a staircase to the Depths.
 16508 | D:15     | Killed a frost giant
 17142 | Orc:1    | Entered Level 1 of the Orcish Mines
 17186 | Orc:1    | Reached XP level 14. HP: 118/129 MP: 13/13
 17208 | Orc:1    | Found a dark tunnel.
 17220 | Volcano  | Entered a volcano
 17537 | Volcano  | Found a bloodstained altar of Trog.
 17607 | Volcano  | Noticed tehanu's ghost (journeyman MiBe)
 17616 | Volcano  | Killed tehanu's ghost
 18089 | Orc:2    | Entered Level 2 of the Orcish Mines
 18128 | Orc:2    | Received a gift from Okawaru
 18478 | Orc:2    | Found Giarhog's Armour Emporium.
 19144 | Orc:2    | Found a staircase to the Elven Halls.
 19207 | Orc:2    | Found Volosch's Jewellery Shop.
 19255 | Orc:2    | Reached skill level 19 in Polearms
 19260 | Orc:2    | Received a gift from Okawaru
 19516 | Orc:2    | Found Baqoit's Gadget Shoppe.
 19517 | Orc:2    | Found Vediwk's Assorted Antiques.
 19900 | Orc:2    | Bought a coiled turquoise ring for 195 gold pieces
 19900 | Orc:2    | Bought a scroll of identify for 78 gold pieces
 19900 | Orc:2    | Bought a wooden ring for 195 gold pieces
 19900 | Orc:2    | Identified the ring of Qaonn {rPois Str+4} (You bought it in a shop on level 2 of the Orcish Mines)
 20153 | Orc:2    | Noticed Snorg
 20163 | Orc:2    | Killed Snorg
 20749 | Lair:1   | Entered Level 1 of the Lair of Beasts
 21666 | Lair:2   | Received a gift from Okawaru
 22108 | Lair:2   | Reached XP level 15. HP: 136/139 MP: 14/14
 22478 | Lair:3   | Found a frozen archway.
 22513 | IceCv    | Entered an ice cave
 22929 | IceCv    | Received a gift from Okawaru
 23475 | Lair:3   | Found a staircase to the Swamp.
 24225 | Lair:4   | Found a hole to the Spider Nest.
 24231 | Lair:4   | Reached skill level 15 in Fighting
 24855 | Lair:5   | Reached skill level 20 in Polearms
 24856 | Lair:5   | Found a staircase to the Slime Pits.
 24946 | Lair:5   | Received a gift from Okawaru
 25167 | Lair:6   | Entered Level 6 of the Lair of Beasts
 26304 | Lair:6   | Received a gift from Okawaru
 26309 | Lair:6   | Reached skill level 15 in Armour
 26480 | Lair:6   | HP: 4/141 [death yak (11)]
 27066 | Lair:6   | Received a gift from Okawaru
 27067 | Lair:6   | Paralysed by a hornet for 3 turns
 27521 | Swamp:1  | Entered Level 1 of the Swamp
 27745 | Swamp:1  | Reached XP level 16. HP: 139/150 MP: 15/15
 27928 | Swamp:1  | Found a glowing silver altar of Zin.
 28177 | Swamp:1  | Received a gift from Okawaru
 28621 | Swamp:2  | Noticed Jorgrun
 28930 | Swamp:1  | Reached skill level 1 in Stealth
 29296 | Swamp:2  | Killed Jorgrun
 30498 | Swamp:3  | Reached skill level 21 in Polearms
 30976 | Swamp:3  | Received a gift from Okawaru
 31581 | Swamp:3  | Noticed Mara
 31585 | Swamp:3  | Noticed Romulous's illusion
 31629 | Swamp:3  | HP: 3/151 [Mara (illusionary)/bolt of fire (22)]
 32066 | Swamp:3  | Noticed Romulous's illusion
 32666 | Swamp:3  | Noticed Romulous's illusion
 32987 | Swamp:3  | Noticed Romulous's illusion
 33001 | Swamp:3  | Killed Mara
 33282 | Swamp:4  | Entered Level 4 of the Swamp
 33283 | Swamp:4  | Noticed a thorn hunter
 33302 | Swamp:4  | Killed a thorn hunter
 33723 | Swamp:4  | Noticed a thorn hunter
 33934 | Swamp:3  | Killed a thorn hunter
 34050 | Swamp:4  | Noticed a thorn hunter
 34062 | Swamp:4  | Received a gift from Okawaru
 34066 | Swamp:4  | Killed a thorn hunter
 34338 | Swamp:4  | Reached XP level 17. HP: 143/160 MP: 16/16
 34390 | Swamp:4  | Got a decaying rune of Zot
 35784 | Spider:1 | Entered Level 1 of the Spider Nest
 35925 | Spider:1 | Gained mutation: You expend magic power (3 MP) to strengthen your wands. [mutagenic glow]
 36075 | Spider:1 | Reached skill level 15 in Shields
 36079 | Spider:1 | Received a gift from Okawaru
 37152 | Spider:1 | Noticed tehanu's ghost (journeyman MiBe)
 37180 | Spider:1 | Killed tehanu's ghost
 37963 | Spider:1 | Received a gift from Okawaru
 38840 | Spider:2 | Reached skill level 22 in Polearms
 39740 | Spider:3 | Received a gift from Okawaru
 40847 | Spider:3 | Identified the Papyrus of Destructive Enchantment
 41069 | Spider:4 | Entered Level 4 of the Spider Nest
 41084 | Spider:3 | Reached skill level 1 in Invocations
 41084 | Spider:3 | Reached XP level 18. HP: 47/171 MP: 17/17
 42493 | Spider:4 | Received a gift from Okawaru
 44168 | Spider:4 | Reached skill level 5 in Dodging
 44313 | Spider:4 | Received a gift from Okawaru
 44350 | Spider:4 | Got a gossamer rune of Zot
 44897 | Elf:1    | Entered Level 1 of the Elven Halls
 45414 | Elf:1    | Noticed Roxanne
 45442 | Elf:1    | Killed Roxanne
 45443 | Elf:1    | Identified Roxanne's Volume of Stones (You took it off Roxanne on level 1 of the Elven Halls)
 45768 | Elf:1    | HP: 7/173 [deep elf mage/bolt of fire (25)]
 45768 | Elf:1    | Killed from afar by a deep elf mage

Skill      XL: |  1  2  3  4  5  6  7  8  9 10 11 12 13 14 15 16 17 18 |
---------------+-------------------------------------------------------+-----
Shields        | 4 5 6 7 8 10 12 13 14 15 16 | 16.8
Armour         | 4 5 6 8 9 10 11 13 14 15 16 17 18 | 18.4
Axes           | 3 4 5 |  5.3
Fighting       | 4 5 6 7 8 10 12 13 14 15 16 17 18 | 18.5
Dodging        | 1 2 3 4 5 |  5.0
Polearms       | 4 6 9 12 14 15 17 18 19 20 21 22 | 22.2
Stealth        | 1 |  1.5
Invocations    | 1 4 |  4.8

Action                   |  1- 3 |  4- 6 |  7- 9 | 10-12 | 13-15 | 16-18 || total
-------------------------+-------+-------+-------+-------+-------+-------++-------
Melee: War axe           |   112 |   106 |       |       |       |       ||   218
       Headbutt          |    15 |    17 |    34 |   125 |   415 |   489 ||  1095
       Trident           |       |    43 |   164 |   578 |  1412 |  1653 ||  3850
  Use: Potion            |       |     1 |       |     1 |     3 |     9 ||    14
       Scroll            |       |       |     9 |    10 |    19 |    15 ||    53
 Stab: Confused          |       |       |       |       |       |     1 ||     1
  Eat: Chunk             |     3 |     5 |     7 |     5 |    20 |    10 ||    50
       Fruit             |       |     2 |     4 |       |    10 |    15 ||    31
       Bread ration      |       |       |     1 |     3 |     3 |     8 ||    15
       Meat ration       |       |       |       |     1 |       |       ||     1
Armor: Scale mail        |    58 |    71 |       |       |       |       ||   129
       Chain mail        |       |    11 |    26 |       |       |       ||    37
       Plate armour      |       |       |    37 |   297 |   581 |   924 ||  1839
Dodge: Dodged            |    61 |    80 |    56 |   149 |   472 |   622 ||  1440
Block: Shield            |    78 |    67 |       |       |       |       ||   145
       Buckler           |       |       |    25 |   169 |   437 |   613 ||  1244
       Large shield      |       |       |       |       |       |   122 ||   122
